 Dungeon Crawl Stone Soup version 0.31-a0-175-g9f7f995f2b (webtiles) character file.

Game seed: 2506125376524613488

75635 qw the Severer (level 15, -6/96 HPs)
             Began as a Gargoyle Fighter on June 17, 2023.
             Was an Elder of Okawaru.
             Mangled by a dire elephant (18 damage)
             ... on level 3 of the Abyss.
             The game lasted 00:10:51 (19584 turns).

qw the Severer (Gargoyle Fighter)                  Turns: 19584, Time: 00:10:52

Health: -6/96      AC: 43    Str: 27    XL:     15   Next: 50%
Magic:  22/22      EV: 20    Int:  9    God:    Okawaru [****..]
Gold:   609        SH: 18    Dex:  9    Spells: 14/14 levels left

rFire   . . .        Y - +5 war axe (protect)
rCold   . . .        a - +0 kite shield
rNeg    + . .        r - +0 plate armour
rPois   inf          i - +2 helmet
rElec   +            b - scarf {repulsion}
rCorr   .            q - +1 pair of gloves
SInv    .            v - +0 pair of boots
Will    +....        p - amulet of reflection Stlth
                     s - +5 ring of evasion
HPRegen 0.36/turn    z - +5 ring of evasion
MPRegen 0.18/turn

%: repel missiles, reflection
@: heroic, untranslocatable, under a protective aura, flying
A: sickness immunity, AC +11, big wings, negative energy resistance 1,
electricity resistance, torment resistance 1, petrification resistance
a: Renounce Religion, Heroism, Finesse


You were on level 3 of the Abyss.
You worshipped Okawaru.
Okawaru was greatly pleased with you.
You visited 3 branches of the dungeon, and saw 20 of its levels.
You visited the Abyss 1 time.

You collected 1587 gold pieces.
You spent 978 gold pieces at shops.


Innate Abilities, Weirdness & Mutations

You are immune to sickness and miasma.
Your stone body is resilient. (AC +11)
You are immune to poison.
Your large and strong wings let you fly.
You resist negative energy. (rN+)
You are resistant to electric shocks. (rElec)
You are resistant to unholy torment.
You are immune to petrification.


   Skills:
 - Level 12.0(17.0) Fighting
 - Level 16.0(21.0) Axes
 - Level 5.0(10.0) Throwing
 - Level 11.1(16.1) Armour
 - Level 3.1(8.1) Dodging
 + Level 12.5(17.5) Shields
 - Level 10.0 Invocations


You had 14 spell levels left.
You didn't know any spells.
Your spell library was empty.

Inventory:

Hand Weapons
 B - a +0 morningstar
 Y - a +5 war axe of protection (weapon)
Missiles
 u - 4 boomerangs (quivered)
Armour
 a - a +0 kite shield (worn)
 b - a scarf of repulsion (worn)
 i - a +2 helmet (worn)
 l - a +1 cloak
 q - a +1 pair of gloves (worn)
 r - a +0 plate armour (worn)
 v - a +0 pair of boots (worn)
 y - the +1 ring mail of the Poles {rF++ rCorr Str+4}
   (You found it on level 5 of the Lair of Beasts)

   Str:       It affects your strength (+4).
   rF:        It greatly protects you from fire.
   rCorr:     It protects you from acid and corrosion.
 A - a +0 chain mail of cold resistance
Jewellery
 e - a ring of ice
 g - a +6 ring of dexterity
 n - a ring of fire
 p - an amulet of reflection (around neck)
 s - a +5 ring of evasion (left hand)
 z - a +5 ring of evasion (right hand)
 C - a ring of protection from cold
Wands
 j - a wand of digging (6)
Scrolls
 c - 6 scrolls of identify
 k - 7 scrolls of teleportation
Potions
 d - 4 potions of might
 f - 5 potions of curing
 h - 3 potions of lignification
 m - 5 potions of enlightenment
 t - a potion of haste
 w - a potion of cancellation
 x - a potion of magic
 D - a potion of attraction

Dungeon Overview and Level Annotations

Branches:
Dungeon (14/15)            Temple (1/1) D:4            Lair (5/5) D:8
  Swamp (0/4) Lair:2        Snake (0/4) Lair:2        Slime (0/5) Lair:5
    Orc (0/2) D:12         Vaults (0/5) D:14

Altars:
Ashenzari
Cheibriados
Dithmenos
Elyvilon
Fedhas
Gozag
Hepliaklqana
Kikubaaqudgha
Makhleb
Nemelex Xobeh
Okawaru
Qazlal
Ru
Sif Muna
Trog
Uskayaw
Vehumet
Wu Jian
Xom
Yredelemnul
Zin
The Shining One
Jiyva

Shops:
D:1 [   D:2 [[![   D:8 =   D:12 =

Annotations:
D:5 1 runed translucent door, Crazy Yiuf
D:6 2 transporters, qw's ghost, novice NaHu
D:14 Louise


Message History

The dire elephant is heavily wounded.
You completely miss the hellephant. You hit the dire elephant.
The dire elephant tramples you but does no damage.
You block the dire elephant's attack.
The dire elephant completely misses you.
You block the dire elephant's attack.
You slice the dire elephant!!
The dire elephant is severely wounded.
You hit the hellephant but do no damage.
You hit the dire elephant. You slice the dire elephant!!
The dire elephant is almost dead.
You slash the hellephant! You hit the dire elephant.
You block the dire elephant's attack. x3; The dire elephant closely misses you.
The hellephant misses you. The hellephant bites you.
The hellephant barely misses you.
You barely miss the dire elephant.
The dire elephant is almost dead.
The blink frog gives a loud, deep croak! x2
You slash the dire elephant! You closely miss the hellephant.
The dire elephant tramples you but does no damage.
You block the dire elephant's attack. The dire elephant barely misses you.
The dire elephant completely misses you.
The hellephant tramples you but does no damage.
You block the hellephant's attack.
The hellephant gores you but does no damage.
You hit the dire elephant but do no damage.
The dire elephant is almost dead.
You hit the dire elephant but do no damage.
You closely miss the hellephant. You slash the dire elephant!
The dire elephant is almost dead.
You hit the hellephant but do no damage.
You completely miss the dire elephant.
The dire elephant tramples you but does no damage.
You block the dire elephant's attack.
The hellephant tramples you but does no damage.
The hellephant closely misses you. You block the hellephant's attack.
The dire elephant tramples you!!
You die...

# #.#.. . . .
...#..#.. . . ###
#.....#.. ) . ##..
##...#... .#. ##
..##...#¤¤¤.#.. .# .
.........~F¤~.##. .
¤~~~¤~~~~¤¤~}~....#
# #~~~¤¤~~~#¤~.}~..
.# . #~~~¤¤~@~#
~~¤}#..# ¤¤.¤¤¤YYY¤#
¤¤ ¤#.#
~.¤.¤8YYYY~##¤¤¤.#.#
.¤######¤Y¤~#¤¤#. ##
. #¤.¤#v.¤. } ...#¤
# ..¤# ¤¤~#


You could see a hellephant, 5 dire elephants, 2 elephants and a blink frog.

Vanquished Creatures
  Frances (D:14)
  Gastronok (Lair:2)
  A tentacled starspawn (Abyss:3)
  A draconian shifter (Abyss:3)
  A fire dragon (D:14)
  Harold (Lair:2)
  8 hydras
  Erolcha (D:11)
  A catoblepas (Lair:5)
  2 centaur warriors
  5 starcursed masses (Abyss:3)
  A deep troll shaman (Lair:5)
  A boulder beetle (D:12)
  A tengu warrior (D:13)
  6 two-headed ogres
  11 death yaks (Lair:5)
  2 thrashing horrors (Abyss:3)
  Nergalle (D:11)
  A fire crab (Lair:5)
  A skyshark (Lair:3)
  A shadow wraith (D:14)
  Lodul (D:13)
  Pikel (D:6)
  A deep elf pyromancer (D:14)
  6 cyclopes
  6 ugly things
  4 oklob plants (Lair:5)
  12 elephants
  5 black mambas
  3 gargoyles
  8 cane toads
  A torpor snail (Lair:1)
  A rime drake (Lair:3)
  An efreet (Abyss:3)
  2 kobold demonologists (D:13)
  19 komodo dragons
  An ancient zyme (Abyss:3)
  7 trolls
  A polar bear (Lair:5)
  A polar bear (shapeshifter) (D:14)
  7 blink frogs
  17 dream sheep (Lair:5)
  4 slime creatures (D:12)
  A vampire (D:11)
  3 wraiths
  A yak (shapeshifter) (D:14)
  3 wyverns
  A shadow (D:9)
  A ynoxinul (Abyss:3)
  3 basilisks
  37 yaks
  Eustachio (D:4)
  A spatial vortex (Abyss:3)
  An acid dragon (D:11)
  7 vampire mosquitoes
  17 water moccasins
  Duvessa (D:6)
  A black bear (Lair:1)
  5 orc warriors
  A sky beast (D:6)
  16 wolves
  9 centaurs
  10 ogres
  A phantom (D:5)
  4 lemures (D:6)
  5 kobold brigands
  4 bullfrogs
  A gnoll sergeant (D:6)
  4 scorpions
  7 wights
  Dowan (D:6)
  12 killer bees (D:9)
  A howler monkey (D:8)
  An iron imp (D:7)
  3 jellies
  5 orc priests
  3 hounds
  3 gnoll boudas
  3 sleepcaps
  Jessica (D:3)
  5 iguanas (D:5)
  22 orc wizards
  17 gnolls
  5 adders
  2 white imps
  An ufetubus (D:5)
  2 worms
  4 dart slugs
  51 orcs
  13 ball pythons
  3 bats
  8 endoplasms
  3 giant cockroaches
  7 goblins
  3 hobgoblins
  9 jackals
  3 quokkas
  5 frilled lizards
  A goblin zombie (D:3)
  3 hobgoblin zombies (D:3)
  28 kobolds
  A kobold skeleton (D:3)
  A kobold zombie (D:3)
  2 orc zombies (D:3)
  2 rats
  A starspawn tentacle (Abyss:3)
539 creatures vanquished.

Vanquished Creatures (others)
  Sonja (Lair:2)
  An efreet (D:13)
  4 starspawn tentacles (Abyss:3)
6 creatures vanquished.

Grand Total: 545 creatures vanquished

Notes
Turn   | Place    | Note
-------+----------+-------------------------------------------
     0 | D:1      | qw the Gargoyle Fighter began the quest for the Orb.
     0 | D:1      | Reached XP level 1. HP: 14/14 MP: 1/1
     0 | D:1      | 0 ||| qw: Version: 0.3-a-3-g30531e4
     0 | D:1      | 0 ||| qw: Game counter: 406
     0 | D:1      | 0 ||| qw: Always use a shield: true
     0 | D:1      | 0 ||| qw: God list: Okawaru
     0 | D:1      | 0 ||| qw: Allow faded altars: false
     0 | D:1      | 0 ||| qw: Do Orc after D:15 true
     0 | D:1      | 0 ||| qw: Do second Lair branch before Depths: true
     0 | D:1      | 0 ||| qw: Lair rune preference: random
     0 | D:1      | 0 ||| qw: Plans: Normal, Zot:1-4, Slime:5, God:TSO, Crypt,
                  | Tomb, Abyss, Pan, Hells, Win
     0 | D:1      | 0 ||| PLANNING D:1-11
    67 | D:1      | Reached skill level 2 in Axes
   151 | D:1      | 151 ||| Stepping ~*~*~tactically~*~*~ (stealth).
   160 | D:1      | Reached XP level 2. HP: 18/19 MP: 2/2
   166 | D:1      | 166 ||| Stepping ~*~*~tactically~*~*~ (stealth).
   391 | D:1      | Found Coshes's Antique Armour Emporium.
   400 | D:1      | 400 ||| SHOPLISTING cloak (144 gold, have 24).
   400 | D:1      | 400 ||| SHOPLISTING glowing orb (384 gold, have 24).
   400 | D:1      | 400 ||| SHOPLISTING pair of boots (144 gold, have 24).
   400 | D:1      | 400 ||| SHOPLISTING pair of glowing gloves (240 gold, have
                  | 24).
   400 | D:1      | 400 ||| SHOPLISTING runed chain mail (240 gold, have 24).
   429 | D:1      | Reached skill level 3 in Axes
   554 | D:1      | Reached XP level 3. HP: 22/23 MP: 3/3
   742 | D:1      | 742 ||| READING scroll labelled ZEUN OCOKKOAF.
   743 | D:1      | 743 ||| READING scroll labelled WIRIAZEZUXA.
   744 | D:1      | 744 ||| READING 2 scrolls labelled MOGOMI KINEC.
   891 | D:2      | 891 ||| Stepping ~*~*~tactically~*~*~ (stealth).
   987 | D:2      | Found Wiacs's Armour Emporium.
   992 | D:2      | 992 ||| SHOPLISTING +0 chain mail (63 gold, have 56).
   992 | D:2      | 992 ||| SHOPLISTING +0 cloak of Kikubaaqudgha's Whim
                  | {Str+3} (249 gold, have 56).
   992 | D:2      | 992 ||| SHOPLISTING +0 leather armour of fire resistance
                  | (126 gold, have 56).
  1020 | D:2      | Found a faded altar of an unknown god.
  1061 | D:2      | 1061 ||| Stepping ~*~*~tactically~*~*~ (stealth).
  1062 | D:2      | 1062 ||| Stepping ~*~*~tactically~*~*~ (stealth).
  1201 | D:2      | Found Bos Yxko's Armour Shop.
  1213 | D:2      | 1213 ||| BUYING +0 cloak (63 gold).
  1213 | D:2      | Bought a +0 cloak for 63 gold pieces
  1213 | D:2      | 1213 ||| SHOPLISTING +0 pair of gloves of Boneph {Slay+2}
                  | (278 gold, have 3).
  1348 | D:2      | Reached XP level 4. HP: 22/28 MP: 4/4
  1454 | D:2      | Found Cilah's Distillery.
  1466 | D:2      | 1466 ||| Stepping ~*~*~tactically~*~*~ (hiding).
  1467 | D:2      | 1467 ||| SHOPLISTING potion of attraction (33 gold, have
                  | 3).
  1467 | D:2      | 1467 ||| SHOPLISTING potion of curing (33 gold, have 3).
  1467 | D:2      | 1467 ||| SHOPLISTING potion of lignification (33 gold, have
                  | 3).
  1467 | D:2      | 1467 ||| SHOPLISTING potion of magic (88 gold, have 3).
  1786 | D:2      | Found Janyrr's Antique Armour Shop.
  1789 | D:2      | 1789 ||| SHOPLISTING chain mail (112 gold, have 38).
  1789 | D:2      | 1789 ||| SHOPLISTING plate armour (575 gold, have 38).
  1789 | D:2      | 1789 ||| SHOPLISTING runed leather armour (125 gold, have
                  | 38).
  1789 | D:2      | 1789 ||| SHOPLISTING shiny orb (300 gold, have 38).
  1828 | D:2      | 1828 ||| UPGRADING to +0 helmet.
  1833 | D:2      | 1833 ||| UPGRADING to +0 cloak.
  1838 | D:2      | 1838 ||| READING 2 scrolls of enchant armour.
  1838 | D:2      | 1838 ||| ENCHANTING +0 helmet.
  1839 | D:2      | 1839 ||| READING scroll of enchant armour.
  1839 | D:2      | 1839 ||| ENCHANTING +1 helmet.
  1840 | D:2      | 1840 ||| UPGRADING to amulet of reflection.
  1845 | D:2      | 1845 ||| READING scroll labelled OCHO GAYWA.
  1846 | D:2      | 1846 ||| READING scroll labelled ITE OG XUMOIST.
  1847 | D:2      | 1847 ||| READING scroll labelled WAB ATSAMPACW.
  1848 | D:2      | 1848 ||| DROPPING +0 club.
  1849 | D:2      | 1849 ||| READING 2 scrolls labelled ZUHORA GULA.
  1853 | D:2      | 1853 ||| READING scroll labelled CUZIRUI UBLIRUEHEPT.
  1854 | D:2      | 1854 ||| DRINKING 2 blue potions.
  1855 | D:2      | 1855 ||| DROPPING potion of degeneration.
  1988 | D:3      | Noticed Jessica
  1990 | D:3      | Killed Jessica
  1991 | D:3      | Reached skill level 4 in Axes
  2007 | D:3      | Reached XP level 5. HP: 29/32 MP: 5/5
  2145 | D:3      | Reached skill level 5 in Axes
  2145 | D:3      | 2145 ||| FLEEEEING.
  2170 | D:3      | Found a glowing golden altar of the Shining One.
  2174 | D:3      | 2174 ||| Stepping ~*~*~tactically~*~*~ (stealth).
  2176 | D:3      | 2176 ||| Stepping ~*~*~tactically~*~*~ (stealth).
  2339 | D:3      | 2339 ||| Stepping ~*~*~tactically~*~*~ (hiding).
  2632 | D:3      | 2632 ||| Stepping ~*~*~tactically~*~*~ (stealth).
  2638 | D:3      | 2638 ||| Stepping ~*~*~tactically~*~*~ (stealth).
  2673 | D:3      | Reached XP level 6. HP: 22/38 MP: 6/6
  3121 | D:3      | 3121 ||| UPGRADING to +0 kite shield.
  3131 | D:3      | 3131 ||| DROPPING +0 buckler.
  3132 | D:3      | 3132 ||| DROPPING ring of magical power.
  3133 | D:3      | 3133 ||| READING scroll labelled ACRUMOPRUTYSCH.
  3134 | D:3      | 3134 ||| READING scroll labelled WAFIDY HOUDE.
  3304 | D:4      | Noticed Eustachio
  3340 | D:4      | Killed Eustachio
  3343 | D:4      | 3343 ||| Stepping ~*~*~tactically~*~*~ (hiding).
  3611 | D:4      | Reached XP level 7. HP: 42/43 MP: 7/7
  3636 | D:4      | Reached skill level 1 in Dodging
  3701 | D:4      | Found a staircase to the Ecumenical Temple.
  3702 | D:4      | 3702 ||| PLANNING TEMPLE
  3712 | D:4      | 3712 ||| READING 4 scrolls of identify.
  3712 | D:4      | 3712 ||| IDENTIFYING bubbling grey potion
  3713 | D:4      | 3713 ||| READING 3 scrolls of identify.
  3713 | D:4      | 3713 ||| IDENTIFYING fizzy clear potion
  3714 | D:4      | 3714 ||| READING 2 scrolls of identify.
  3714 | D:4      | 3714 ||| IDENTIFYING red potion
  3725 | Temple   | Entered the Ecumenical Temple
  3726 | Temple   | 3726 ||| PLANNING OKAWARU WORSHIP
  3769 | Temple   | Became a worshipper of Warmaster Okawaru
  3770 | Temple   | 3770 ||| PLANNING D:1-11
  3992 | D:4      | Reached skill level 1 in Throwing
  4193 | D:4      | 4193 ||| UPGRADING to +0 chain mail.
  4203 | D:4      | 4203 ||| DROPPING +0 scale mail.
  4222 | D:5      | Entered Level 5 of the Dungeon
  4325 | D:5      | Reached skill level 6 in Axes
  4349 | D:5      | Reached * piety under Okawaru
  4350 | D:5      | 4350 ||| FLEEEEING.
  4351 | D:5      | 4351 ||| FLEEEEING.
  4352 | D:5      | 4352 ||| FLEEEEING.
  4353 | D:5      | 4353 ||| FLEEEEING.
  4354 | D:5      | 4354 ||| FLEEEEING.
  4355 | D:5      | 4355 ||| FLEEEEING.
  4356 | D:5      | 4356 ||| FLEEEEING.
  4357 | D:5      | 4357 ||| FLEEEEING.
  4358 | D:5      | 4358 ||| FLEEEEING.
  4359 | D:5      | 4359 ||| FLEEEEING.
  4360 | D:5      | 4360 ||| FLEEEEING.
  4361 | D:5      | 4361 ||| FLEEEEING.
  4362 | D:5      | 4362 ||| FLEEEEING.
  4372 | D:5      | Reached skill level 6 in Shields
  4372 | D:5      | Reached skill level 1 in Invocations
  4372 | D:5      | Reached XP level 8. HP: 47/48 MP: 8/8
  4422 | D:5      | 4422 ||| READING 3 scrolls of enchant weapon.
  4422 | D:5      | 4422 ||| ENCHANTING +1 war axe of flaming.
  4423 | D:5      | 4423 ||| READING 2 scrolls of enchant weapon.
  4423 | D:5      | 4423 ||| ENCHANTING +2 war axe of flaming.
  4424 | D:5      | 4424 ||| READING scroll of enchant weapon.
  4424 | D:5      | 4424 ||| ENCHANTING +3 war axe of flaming.
  4490 | D:5      | Identified the +7 dagger of the Ageless Shrikes {freeze,
                  | rCorr Str-5 Int+5 Stlth+}
  4528 | D:5      | Noticed a wraith
  4550 | D:5      | 4550 ||| INVOKING Heroism.
  4553 | D:5      | Killed a wraith
  4554 | D:5      | Reached skill level 3 in Invocations
  4721 | D:5      | Reached ** piety under Okawaru
  4722 | D:5      | Reached skill level 7 in Axes
  4740 | D:5      | 4740 ||| Stepping ~*~*~tactically~*~*~ (hiding).
  4744 | D:5      | 4744 ||| INVOKING Heroism.
  4766 | D:5      | 4766 ||| READING scroll of enchant armour.
  4766 | D:5      | 4766 ||| ENCHANTING +0 cloak.
  4985 | D:5      | Found a runed translucent door.
  4986 | D:5      | Noticed Crazy Yiuf
  4989 | D:5      | 4989 ||| UPGRADING to +0 pair of gloves.
  4994 | D:5      | 4994 ||| READING scroll labelled ZUACID QACZOOD.
  4995 | D:5      | 4995 ||| READING scroll labelled DIQUCREVE.
  5023 | D:6      | 5023 ||| INVOKING Heroism.
  5093 | D:6      | 5093 ||| Stepping ~*~*~tactically~*~*~ (hiding).
  5094 | D:6      | 5094 ||| Stepping ~*~*~tactically~*~*~ (hiding).
  5104 | D:6      | 5104 ||| INVOKING Heroism.
  5110 | D:6      | Reached XP level 9. HP: 28/54 MP: 9/12
  5256 | D:6      | Noticed Duvessa
  5256 | D:6      | Noticed Dowan
  5257 | D:6      | 5257 ||| Stepping ~*~*~tactically~*~*~ (hiding).
  5258 | D:6      | 5258 ||| INVOKING Heroism.
  5259 | D:6      | 5259 ||| Stepping ~*~*~tactically~*~*~ (hiding).
  5265 | D:6      | Killed Duvessa
  5269 | D:6      | Killed Dowan
  5291 | D:6      | Found a transporter.
  5295 | D:6      | Noticed qw's ghost (novice NaHu)
  5296 | D:6      | Identified the +4 great mace "Ofofrapt" {flame, *Rage rF+
                  | rC+ Int+4}
  5296 | D:6      | Noticed a two-headed ogre
  5324 | D:6      | Noticed Pikel
  5325 | D:6      | 5325 ||| INVOKING Heroism.
  5334 | D:6      | 5334 ||| DRINKING 3 potions of curing.
  5334 | D:6      | 5334 ||| (to cure confusion)
  5342 | D:6      | Killed Pikel
  5427 | D:6      | 5427 ||| Stepping ~*~*~tactically~*~*~ (hiding).
  5430 | D:6      | 5430 ||| Stepping ~*~*~tactically~*~*~ (hiding).
  5431 | D:6      | 5431 ||| Stepping ~*~*~tactically~*~*~ (hiding).
  5432 | D:6      | 5432 ||| Stepping ~*~*~tactically~*~*~ (hiding).
  5433 | D:6      | 5433 ||| Stepping ~*~*~tactically~*~*~ (hiding).
  5652 | D:6      | Found a transporter.
  5742 | D:6      | 5742 ||| READING scroll of enchant armour.
  5742 | D:6      | 5742 ||| ENCHANTING +0 pair of gloves.
  5743 | D:6      | 5743 ||| UPGRADING to scarf of repulsion.
  5753 | D:6      | 5753 ||| UPGRADING to +0 pair of boots.
  5758 | D:6      | 5758 ||| UPGRADING to +5 ring of evasion.
  5759 | D:6      | 5759 ||| READING scroll labelled YCSACVAETEF.
  5760 | D:6      | 5760 ||| READING scroll labelled TIGORI HYOKIFI.
  5761 | D:6      | 5761 ||| DRINKING 3 silvery potions.
  5762 | D:6      | 5762 ||| DROPPING 2 potions of brilliance.
  5786 | D:7      | 5786 ||| INVOKING Heroism.
  5899 | D:7      | Found a snail-covered altar of Cheibriados.
  6119 | D:7      | Reached skill level 8 in Axes
  6132 | D:7      | 6132 ||| INVOKING Heroism.
  6207 | D:7      | Reached skill level 6 in Fighting
  6224 | D:7      | 6224 ||| INVOKING Heroism.
  6479 | D:7      | 6479 ||| READING 2 scrolls of identify.
  6479 | D:7      | 6479 ||| IDENTIFYING cyan potion
  6480 | D:7      | 6480 ||| DROPPING potion of berserk rage.
  6700 | D:8      | Found a burning altar of Makhleb.
  6748 | D:8      | Found a staircase to the Lair.
  6796 | D:8      | Found Estreanu's Jewellery Shoppe.
  6806 | D:8      | 6806 ||| SHOPLISTING +6 ring of strength (540 gold, have
                  | 408).
  6806 | D:8      | 6806 ||| BUYING ring of fire (375 gold).
  6806 | D:8      | Bought a ring of fire for 375 gold pieces
  6878 | D:8      | 6878 ||| Stepping ~*~*~tactically~*~*~ (hiding).
  6879 | D:8      | 6879 ||| INVOKING Heroism.
  6896 | D:8      | Reached XP level 10. HP: 60/60 MP: 13/13
  6905 | D:8      | 6905 ||| INVOKING Heroism.
  6978 | D:8      | Reached skill level 9 in Axes
  7141 | D:8      | 7141 ||| FLEEEEING.
  7142 | D:8      | 7142 ||| FLEEEEING.
  7143 | D:8      | 7143 ||| FLEEEEING.
  7144 | D:8      | 7144 ||| FLEEEEING.
  7145 | D:8      | 7145 ||| FLEEEEING.
  7146 | D:8      | 7146 ||| FLEEEEING.
  7147 | D:8      | 7147 ||| FLEEEEING.
  7148 | D:8      | 7148 ||| FLEEEEING.
  7149 | D:8      | 7149 ||| FLEEEEING.
  7150 | D:8      | 7150 ||| FLEEEEING.
  7154 | D:8      | 7154 ||| FLEEEEING.
  7155 | D:8      | 7155 ||| FLEEEEING.
  7156 | D:8      | 7156 ||| FLEEEEING.
  7158 | D:8      | 7158 ||| FLEEEEING.
  7159 | D:8      | 7159 ||| FLEEEEING.
  7160 | D:8      | 7160 ||| FLEEEEING.
  7161 | D:8      | 7161 ||| FLEEEEING.
  7162 | D:8      | 7162 ||| FLEEEEING.
  7163 | D:8      | 7163 ||| Stepping ~*~*~tactically~*~*~ (hiding).
  7164 | D:8      | 7164 ||| Stepping ~*~*~tactically~*~*~ (hiding).
  7284 | D:8      | 7284 ||| READING scroll of enchant weapon.
  7284 | D:8      | 7284 ||| ENCHANTING +4 war axe of flaming.
  7353 | D:8      | 7353 ||| PLANNING LAIR
  7353 | D:8      | 7353 ||| UPGRADING to +2 chain mail of poison resistance.
  7363 | D:8      | 7363 ||| DROPPING +0 chain mail.
  7364 | D:8      | 7364 ||| UPGRADING to +0 plate armour.
  7374 | D:8      | 7374 ||| DROPPING +2 chain mail of poison resistance.
  7375 | D:8      | 7375 ||| READING 2 scrolls of identify.
  7375 | D:8      | 7375 ||| IDENTIFYING sedimented sapphire potion
  7376 | D:8      | 7376 ||| DROPPING potion of ambrosia.
  7411 | Lair:1   | Entered Level 1 of the Lair of Beasts
  7412 | Lair:1   | 7412 ||| PLANNING GAUNTLET
  7431 | Lair:1   | Reached skill level 6 in Armour
  7443 | Lair:1   | 7443 ||| Stepping ~*~*~tactically~*~*~ (stealth).
  7444 | Lair:1   | Noticed a torpor snail
  7445 | Lair:1   | 7445 ||| INVOKING Heroism.
  7459 | Lair:1   | 7459 ||| INVOKING Heroism.
  7463 | Lair:1   | Killed a torpor snail
  7464 | Lair:1   | Reached skill level 9 in Shields
  7473 | Lair:1   | 7473 ||| Stepping ~*~*~tactically~*~*~ (stealth).
  7624 | Lair:1   | 7624 ||| INVOKING Heroism.
  7792 | Lair:1   | You fall into a shaft and drop 1 floor!
  7800 | Lair:2   | 7800 ||| READING scroll labelled PUGEMUULETA.
  7852 | Lair:1   | 7852 ||| RIP GAUNTLET
  7853 | Lair:1   | 7853 ||| PLANNING LAIR
  8147 | Lair:1   | 8147 ||| Stepping ~*~*~tactically~*~*~ (stealth).
  8165 | Lair:1   | Noticed an elephant
  8165 | Lair:1   | Noticed an elephant
  8168 | Lair:1   | Noticed an elephant
  8176 | Lair:1   | Killed an elephant
  8176 | Lair:1   | Reached *** piety under Okawaru
  8177 | Lair:1   | Reached skill level 10 in Axes
  8177 | Lair:1   | Killed an elephant
  8182 | Lair:1   | Killed an elephant
  8183 | Lair:1   | Reached XP level 11. HP: 61/67 MP: 14/14
  8340 | Lair:1   | 8340 ||| INVOKING Heroism.
  8563 | Lair:1   | 8563 ||| INVOKING Heroism.
  8721 | Lair:1   | 8721 ||| UPGRADING to ring of willpower.
  8722 | Lair:1   | 8722 ||| READING 2 scrolls of identify.
  8722 | Lair:1   | 8722 ||| IDENTIFYING dark potion
  8756 | Lair:2   | Found a staircase to the Swamp.
  8757 | Lair:2   | 8757 ||| INVOKING Heroism.
  8760 | Lair:2   | Received a gift from Okawaru
  8845 | Lair:2   | Noticed Gastronok
  8846 | Lair:2   | 8846 ||| INVOKING Heroism.
  8848 | Lair:2   | 8848 ||| Stepping ~*~*~tactically~*~*~ (hiding).
  8867 | Lair:2   | Killed Gastronok
  8867 | Lair:2   | Reached **** piety under Okawaru
  8868 | Lair:2   | Reached skill level 11 in Axes
  8931 | Lair:2   | 8931 ||| Stepping ~*~*~tactically~*~*~ (stealth).
  8932 | Lair:2   | 8932 ||| Stepping ~*~*~tactically~*~*~ (stealth).
  8933 | Lair:2   | 8933 ||| Stepping ~*~*~tactically~*~*~ (stealth).
  8934 | Lair:2   | 8934 ||| Stepping ~*~*~tactically~*~*~ (stealth).
  8941 | Lair:2   | 8941 ||| Stepping ~*~*~tactically~*~*~ (stealth).
  8991 | Lair:2   | Found a staircase to the Snake Pit.
  9036 | Lair:2   | 9036 ||| INVOKING Heroism.
  9190 | Lair:2   | Noticed a four-headed hydra
  9191 | Lair:2   | 9191 ||| INVOKING Heroism.
  9197 | Lair:2   | Killed a one-headed hydra
  9253 | Lair:2   | 9253 ||| INVOKING Heroism.
  9257 | Lair:2   | Noticed Harold
  9265 | Lair:2   | 9265 ||| Stepping ~*~*~tactically~*~*~ (water).
  9279 | Lair:2   | 9279 ||| Stepping ~*~*~tactically~*~*~ (water).
  9283 | Lair:2   | 9283 ||| INVOKING Heroism.
  9285 | Lair:2   | Killed Harold
  9286 | Lair:2   | Reached skill level 6 in Invocations
  9469 | Lair:2   | 9469 ||| INVOKING Heroism.
  9475 | Lair:2   | Reached ***** piety under Okawaru
  9640 | Lair:2   | Noticed Sonja
  9641 | Lair:2   | 9641 ||| INVOKING Finesse.
  9651 | Lair:2   | 9651 ||| Stepping ~*~*~tactically~*~*~ (hiding).
  9656 | Lair:2   | 9656 ||| INVOKING Heroism.
  9658 | Lair:2   | Killed Sonja
  9659 | Lair:2   | Reached XP level 12. HP: 33/75 MP: 11/17
  9804 | Lair:2   | 9804 ||| Stepping ~*~*~tactically~*~*~ (hiding).
 10016 | Lair:2   | 10016 ||| DRINKING 2 golden potions.
 10079 | Lair:3   | 10079 ||| INVOKING Heroism.
 10084 | Lair:3   | Reached skill level 9 in Fighting
 10108 | Lair:3   | 10108 ||| Stepping ~*~*~tactically~*~*~ (stealth).
 10118 | Lair:3   | 10118 ||| INVOKING Heroism.
 10176 | Lair:3   | 10176 ||| Stepping ~*~*~tactically~*~*~ (stealth).
 10192 | Lair:3   | 10192 ||| Stepping ~*~*~tactically~*~*~ (stealth).
 10193 | Lair:3   | 10193 ||| Stepping ~*~*~tactically~*~*~ (stealth).
 10201 | Lair:3   | 10201 ||| INVOKING Heroism.
 10219 | Lair:3   | 10219 ||| Stepping ~*~*~tactically~*~*~ (hiding).
 10271 | Lair:3   | 10271 ||| INVOKING Heroism.
 10291 | Lair:3   | Noticed a skyshark
 10302 | Lair:3   | Killed a skyshark
 10411 | Lair:3   | 10411 ||| Stepping ~*~*~tactically~*~*~ (stealth).
 10413 | Lair:3   | 10413 ||| Stepping ~*~*~tactically~*~*~ (stealth).
 10428 | Lair:3   | Reached skill level 9 in Invocations
 10939 | Lair:3   | Identified the +11 dagger "Death Rattle" {flame, rCorr}
 10947 | Lair:3   | Reached skill level 12 in Axes
 10961 | Lair:3   | 10961 ||| INVOKING Heroism.
 11022 | Lair:3   | 11022 ||| INVOKING Heroism.
 11553 | Lair:4   | 11553 ||| Stepping ~*~*~tactically~*~*~ (stealth).
 11555 | Lair:4   | 11555 ||| Stepping ~*~*~tactically~*~*~ (stealth).
 11566 | Lair:4   | 11566 ||| INVOKING Heroism.
 11628 | Lair:4   | Reached skill level 9 in Armour
 11647 | Lair:4   | 11647 ||| INVOKING Heroism.
 11777 | Lair:4   | 11777 ||| Stepping ~*~*~tactically~*~*~ (stealth).
 11779 | Lair:4   | 11779 ||| INVOKING Heroism.
 11803 | Lair:4   | 11803 ||| INVOKING Heroism.
 11853 | Lair:4   | Noticed a six-headed hydra
 11856 | Lair:4   | 11856 ||| INVOKING Heroism.
 11862 | Lair:4   | Killed a three-headed hydra
 11953 | Lair:4   | Reached XP level 13. HP: 80/80 MP: 20/20
 12040 | Lair:4   | 12040 ||| Stepping ~*~*~tactically~*~*~ (stealth).
 12041 | Lair:4   | 12041 ||| INVOKING Heroism.
 12063 | Lair:4   | 12063 ||| Stepping ~*~*~tactically~*~*~ (stealth).
 12401 | Lair:4   | 12401 ||| INVOKING Heroism.
 12460 | Lair:4   | 12460 ||| Stepping ~*~*~tactically~*~*~ (stealth).
 12544 | Lair:4   | 12544 ||| READING 3 scrolls of identify.
 12544 | Lair:4   | 12544 ||| IDENTIFYING viscous golden potion
 12558 | Lair:5   | Entered Level 5 of the Lair of Beasts
 12567 | Lair:5   | 12567 ||| Stepping ~*~*~tactically~*~*~ (stealth).
 12616 | Lair:5   | 12616 ||| Stepping ~*~*~tactically~*~*~ (stealth).
 12644 | Lair:5   | 12644 ||| INVOKING Heroism.
 12645 | Lair:5   | 12645 ||| INVOKING Finesse.
 12670 | Lair:5   | Received a gift from Okawaru
 12687 | Lair:5   | 12687 ||| INVOKING Finesse.
 12689 | Lair:5   | Reached skill level 13 in Axes
 12780 | Lair:5   | Identified the +1 ring mail of the Poles {rF++ rCorr Str+4}
 12864 | Lair:5   | 12864 ||| Stepping ~*~*~tactically~*~*~ (stealth).
 12872 | Lair:5   | 12872 ||| Stepping ~*~*~tactically~*~*~ (stealth).
 12873 | Lair:5   | 12873 ||| Stepping ~*~*~tactically~*~*~ (stealth).
 12884 | Lair:5   | Received a gift from Okawaru
 12999 | Lair:5   | Found a viscous altar of Jiyva.
 12999 | Lair:5   | Found a staircase to the Slime Pits.
 13000 | Lair:5   | 13000 ||| FLEEEEING.
 13023 | Lair:5   | 13023 ||| Stepping ~*~*~tactically~*~*~ (stealth).
 13026 | Lair:5   | 13026 ||| Stepping ~*~*~tactically~*~*~ (stealth).
 13039 | Lair:5   | Reached skill level 3 in Throwing
 13080 | Lair:5   | 13080 ||| Stepping ~*~*~tactically~*~*~ (stealth).
 13081 | Lair:5   | 13081 ||| INVOKING Heroism.
 13211 | Lair:5   | 13211 ||| Stepping ~*~*~tactically~*~*~ (stealth).
 13260 | Lair:5   | 13260 ||| INVOKING Heroism.
 13348 | Lair:5   | 13348 ||| INVOKING Heroism.
 13349 | Lair:5   | 13349 ||| INVOKING Finesse.
 13370 | Lair:5   | 13370 ||| READING 4 scrolls of teleportation.
 13376 | Lair:5   | HP: 18/82 [oklob plant/splash of acid (8)]
 13377 | Lair:5   | 13377 ||| DRINKING potion of heal wounds.
 13546 | Lair:5   | 13546 ||| INVOKING Heroism.
 13581 | Lair:5   | 13581 ||| INVOKING Finesse.
 13832 | Lair:5   | Gained mutation: Your large and strong wings let you fly.
                  | [Gargoyle growth]
 13832 | Lair:5   | Reached XP level 14. HP: 75/88 MP: 21/21
 13894 | Lair:5   | 13894 ||| Stepping ~*~*~tactically~*~*~ (hiding).
 13897 | Lair:5   | 13897 ||| INVOKING Heroism.
 13921 | Lair:5   | 13921 ||| INVOKING Heroism.
 13931 | Lair:5   | Reached skill level 14 in Axes
 13972 | Lair:5   | 13972 ||| INVOKING Heroism.
 14049 | Lair:5   | 14049 ||| INVOKING Heroism.
 14247 | Lair:5   | 14247 ||| PLANNING D:1-11
 14247 | Lair:5   | 14247 ||| DROPPING +3 chain mail.
 14532 | D:9      | 14532 ||| INVOKING Heroism.
 14628 | D:9      | 14628 ||| Stepping ~*~*~tactically~*~*~ (hiding).
 14629 | D:9      | 14629 ||| Stepping ~*~*~tactically~*~*~ (hiding).
 14631 | D:9      | 14631 ||| Stepping ~*~*~tactically~*~*~ (hiding).
 14632 | D:9      | 14632 ||| Stepping ~*~*~tactically~*~*~ (hiding).
 15221 | D:9      | 15221 ||| DROPPING amulet of regeneration.
 15222 | D:9      | 15222 ||| UPGRADING to ring of protection from cold.
 15224 | D:9      | 15224 ||| UPGRADING to ring of see invisible.
 15226 | D:9      | 15226 ||| DRINKING 2 murky amethyst potions.
 15256 | D:10     | Entered Level 10 of the Dungeon
 15499 | D:10     | 15499 ||| READING scroll of brand weapon.
 15499 | D:10     | 15499 ||| BRANDING +5 war axe of flaming.
 15621 | D:10     | 15621 ||| DROPPING +0 club.
 15662 | D:10     | Reached skill level 12 in Shields
 15854 | D:11     | Noticed Nergalle
 15855 | D:11     | 15855 ||| Stepping ~*~*~tactically~*~*~ (hiding).
 15856 | D:11     | 15856 ||| Stepping ~*~*~tactically~*~*~ (hiding).
 15857 | D:11     | 15857 ||| Stepping ~*~*~tactically~*~*~ (hiding).
 15879 | D:11     | Killed Nergalle
 15898 | D:11     | 15898 ||| Stepping ~*~*~tactically~*~*~ (hiding).
 15944 | D:11     | 15944 ||| Stepping ~*~*~tactically~*~*~ (hiding).
 15953 | D:11     | 15953 ||| Stepping ~*~*~tactically~*~*~ (stealth).
 15957 | D:11     | 15957 ||| Stepping ~*~*~tactically~*~*~ (hiding).
 16011 | D:11     | 16011 ||| Stepping ~*~*~tactically~*~*~ (stealth).
 16067 | D:11     | 16067 ||| Stepping ~*~*~tactically~*~*~ (stealth).
 16069 | D:11     | 16069 ||| Stepping ~*~*~tactically~*~*~ (hiding).
 16070 | D:11     | 16070 ||| Stepping ~*~*~tactically~*~*~ (hiding).
 16071 | D:11     | 16071 ||| Stepping ~*~*~tactically~*~*~ (hiding).
 16072 | D:11     | 16072 ||| Stepping ~*~*~tactically~*~*~ (hiding).
 16073 | D:11     | 16073 ||| Stepping ~*~*~tactically~*~*~ (hiding).
 16080 | D:11     | 16080 ||| Stepping ~*~*~tactically~*~*~ (hiding).
 16082 | D:11     | 16082 ||| Stepping ~*~*~tactically~*~*~ (hiding).
 16084 | D:11     | 16084 ||| Stepping ~*~*~tactically~*~*~ (hiding).
 16128 | D:11     | 16128 ||| Stepping ~*~*~tactically~*~*~ (hiding).
 16130 | D:11     | 16130 ||| Stepping ~*~*~tactically~*~*~ (hiding).
 16132 | D:11     | 16132 ||| Stepping ~*~*~tactically~*~*~ (hiding).
 16134 | D:11     | 16134 ||| Stepping ~*~*~tactically~*~*~ (hiding).
 16135 | D:11     | 16135 ||| Stepping ~*~*~tactically~*~*~ (hiding).
 16137 | D:11     | 16137 ||| Stepping ~*~*~tactically~*~*~ (hiding).
 16273 | D:11     | Noticed Erolcha
 16274 | D:11     | 16274 ||| INVOKING Heroism.
 16275 | D:11     | 16275 ||| INVOKING Finesse.
 16281 | D:11     | Killed Erolcha
 16340 | D:11     | 16340 ||| Stepping ~*~*~tactically~*~*~ (stealth).
 16360 | D:11     | 16360 ||| READING scroll of brand weapon.
 16360 | D:11     | 16360 ||| BRANDING +5 war axe of freezing.
 16432 | D:11     | Identified the +10 rapier of the Realm of Zot {vamp, Will+}
 16595 | D:11     | 16595 ||| PLANNING D
 16860 | D:12     | 16860 ||| Stepping ~*~*~tactically~*~*~ (hiding).
 16883 | D:12     | Found Goner's Jewellery Shop.
 16887 | D:12     | 16887 ||| BUYING +5 ring of evasion (540 gold).
 16887 | D:12     | Bought a +5 ring of evasion for 540 gold pieces
 16887 | D:12     | 16887 ||| SHOPLISTING ring of protection from fire (375
                  | gold, have 136).
 16947 | D:12     | 16947 ||| Stepping ~*~*~tactically~*~*~ (hiding).
 16949 | D:12     | 16949 ||| Stepping ~*~*~tactically~*~*~ (hiding).
 16950 | D:12     | 16950 ||| Stepping ~*~*~tactically~*~*~ (hiding).
 17060 | D:12     | 17060 ||| DROPPING +0 flail.
 17080 | D:12     | 17080 ||| INVOKING Heroism.
 17081 | D:12     | 17081 ||| INVOKING Finesse.
 17092 | D:12     | Reached skill level 15 in Axes
 17350 | D:12     | 17350 ||| Stepping ~*~*~tactically~*~*~ (stealth).
 17359 | D:12     | 17359 ||| INVOKING Heroism.
 17360 | D:12     | 17360 ||| READING 6 scrolls of teleportation.
 17472 | D:12     | Found a staircase to the Orcish Mines.
 17654 | D:12     | Identified the +4 long sword of Turmoil {pain, rN+}
 17706 | D:12     | 17706 ||| Stepping ~*~*~tactically~*~*~ (stealth).
 17708 | D:12     | 17708 ||| Stepping ~*~*~tactically~*~*~ (stealth).
 17710 | D:12     | 17710 ||| Stepping ~*~*~tactically~*~*~ (stealth).
 17808 | D:12     | 17808 ||| DROPPING ring of willpower.
 17809 | D:12     | 17809 ||| UPGRADING to +5 ring of evasion.
 17811 | D:12     | 17811 ||| DROPPING ring of see invisible.
 17878 | D:13     | 17878 ||| INVOKING Heroism.
 17882 | D:13     | 17882 ||| Stepping ~*~*~tactically~*~*~ (hiding).
 17900 | D:13     | 17900 ||| Stepping ~*~*~tactically~*~*~ (hiding).
 17903 | D:13     | 17903 ||| Stepping ~*~*~tactically~*~*~ (hiding).
 18063 | D:13     | Noticed Lodul
 18082 | D:13     | Killed Lodul
 18145 | D:13     | 18145 ||| INVOKING Heroism.
 18146 | D:13     | 18146 ||| INVOKING Finesse.
 18157 | D:13     | 18157 ||| Stepping ~*~*~tactically~*~*~ (hiding).
 18165 | D:13     | Reached XP level 15. HP: 96/96 MP: 16/22
 18581 | D:13     | 18581 ||| READING scroll labelled DUIMAA GAUSECI.
 18582 | D:13     | 18582 ||| READING 7 scrolls of identify.
 18582 | D:13     | 18582 ||| IDENTIFYING emerald potion
 18686 | D:14     | 18686 ||| Stepping ~*~*~tactically~*~*~ (hiding).
 18687 | D:14     | Noticed Frances
 18688 | D:14     | 18688 ||| INVOKING Heroism.
 18689 | D:14     | 18689 ||| INVOKING Finesse.
 18711 | D:14     | Killed Frances
 18711 | D:14     | Identified the +4 spear "Worm" {flame, rElec rPois rF+
                  | Stlth+} (Okawaru gifted it to you on level 14 of the
                  | Dungeon)
 18711 | D:14     | Received a gift from Okawaru
 18712 | D:14     | Reached skill level 12 in Fighting
 18840 | D:14     | 18840 ||| Stepping ~*~*~tactically~*~*~ (hiding).
 18910 | D:14     | 18910 ||| INVOKING Heroism.
 18911 | D:14     | 18911 ||| SWAPPING to +0 morningstar.
 18912 | D:14     | 18912 ||| INVOKING Finesse.
 18922 | D:14     | 18922 ||| SWAPPING to +5 war axe of protection.
 18931 | D:14     | 18931 ||| Stepping ~*~*~tactically~*~*~ (stealth).
 18932 | D:14     | 18932 ||| Stepping ~*~*~tactically~*~*~ (stealth).
 18937 | D:14     | 18937 ||| SWAPPING to +0 morningstar.
 18942 | D:14     | 18942 ||| SWAPPING to +5 war axe of protection.
 18992 | D:14     | 18992 ||| INVOKING Heroism.
 18995 | D:14     | 18995 ||| Stepping ~*~*~tactically~*~*~ (hiding).
 19075 | D:14     | 19075 ||| FLEEEEING.
 19076 | D:14     | 19076 ||| FLEEEEING.
 19077 | D:14     | 19077 ||| FLEEEEING.
 19078 | D:14     | 19078 ||| INVOKING Heroism.
 19080 | D:14     | 19080 ||| SWAPPING to +0 morningstar.
 19090 | D:14     | 19090 ||| SWAPPING to +5 war axe of protection.
 19151 | D:14     | 19151 ||| Stepping ~*~*~tactically~*~*~ (hiding).
 19221 | D:14     | Found a gate to the Vaults.
 19266 | D:14     | 19266 ||| Stepping ~*~*~tactically~*~*~ (stealth).
 19268 | D:14     | 19268 ||| INVOKING Heroism.
 19269 | D:14     | 19269 ||| SWAPPING to +0 morningstar.
 19275 | D:14     | 19275 ||| SWAPPING to +5 war axe of protection.
 19373 | D:14     | 19373 ||| Stepping ~*~*~tactically~*~*~ (hiding).
 19394 | D:14     | Noticed Louise
 19395 | D:14     | 19395 ||| Stepping ~*~*~tactically~*~*~ (hiding).
 19396 | D:14     | 19396 ||| Stepping ~*~*~tactically~*~*~ (hiding).
 19399 | D:14     | 19399 ||| INVOKING Heroism.
 19426 | Abyss:3  | Cast into level 3 of the Abyss (Louise)
 19431 | Abyss:3  | Received a gift from Okawaru
 19432 | Abyss:3  | Reached skill level 16 in Axes
 19487 | Abyss:3  | Noticed a tentacled starspawn
 19502 | Abyss:3  | Killed a tentacled starspawn
 19507 | Abyss:3  | 19507 ||| INVOKING Heroism.
 19512 | Abyss:3  | 19512 ||| Stepping ~*~*~tactically~*~*~ (stealth).
 19525 | Abyss:3  | 19525 ||| Stepping ~*~*~tactically~*~*~ (stealth).
 19526 | Abyss:3  | 19526 ||| Stepping ~*~*~tactically~*~*~ (stealth).
 19533 | Abyss:3  | 19533 ||| Stepping ~*~*~tactically~*~*~ (stealth).
 19537 | Abyss:3  | 19537 ||| Stepping ~*~*~tactically~*~*~ (stealth).
 19538 | Abyss:3  | 19538 ||| Stepping ~*~*~tactically~*~*~ (hiding).
 19548 | Abyss:3  | 19548 ||| INVOKING Heroism.
 19561 | Abyss:3  | Noticed a purple draconian shifter
 19563 | Abyss:3  | Noticed a purple draconian shifter
 19564 | Abyss:3  | Noticed a hellephant
 19575 | Abyss:3  | Killed a purple draconian shifter
 19576 | Abyss:3  | Reached skill level 3 in Dodging
 19577 | Abyss:3  | HP: 12/96 [dire elephant (22)]
 19584 | Abyss:3  | Mangled by a dire elephant

Levels and vault maps discovered:
D:1:      zelgadis_glass_arrival_small, layout_basic, serial_corexii_hall,
          corexii_hall_statues_t, chequers_hall_statues_y, serial_shops, shop
D:2:      layout_loops_corners, serial_shops, nicolae_shop_rolling_square,
          nicolae_shop_hallway_plus, nicolae_shop_just_a_little_nook, shop,
          basic_ecumenical_altar
D:3:      minmay_spotlight, layout_basic, nicolae_tso_besieged_by_evil,
          uniq_jessica
D:4:      layout_basic, minmay_temple_entry_offerings, uniq_eustachio
D:5:      layout_basic, grunt_ministairs_9, uniq_crazy_yiuf_cottage
D:6:      layout_rooms, gammafunk_ghost_smash, hangedman_abyss_or_decor_slice,
          uniq_pikel, uniq_duvessa
D:7:      layout_gridville, slow_altar_1
D:8:      layout_gridville, kennysheep_mini_moat, lair_entry_dummy, special_room
          [special_room_orc], serial_shops, nicolae_shop_gibbet_a_chance
D:9:      layout_basic
D:10:     layout_long_grid, serial_bayou_pond_e, kennysheep_flooded_box
D:11:     layout_rooms, uniq_nergalle, uniq_erolcha
D:12:     layout_grid_maze, orc_0_dummy, serial_shops, shop
D:13:     layout_basic, uniq_lodul
D:14:     layout_basic, david_vaults_4, serial_shops,
          nicolae_shop_rolling_square, minmay_microvault, uniq_louise,
          uniq_frances
Temple:   hellmonk_temple_of_storms
Lair:1:   layout_small_grid, gauntlet_entry_generic
Lair:2:   layout_loops_ring, swamp_mist, dummy_snake_entry, pond, uniq_sonja,
          uniq_gastronok, uniq_harold
Lair:3:   layout_hall_layers, beast_lair_carwin_7, grunt_megastairs_4,
          lemuel_fruit_tree, lemuel_fruit_fields
Lair:4:   layout_loops_ring
Lair:5:   grunt_lair_end_beastmaster, layout_cave_pods,
          minmay_slime_entry_oklob_open, grunt_megastairs_5
Abyss:3:  base: D:5, bh_silent_lugonu_exit, evilmike_abyss_rune_elephants_shrine

Skill      XL: |  1  2  3  4  5  6  7  8  9 10 11 12 13 14 15 |
---------------+----------------------------------------------+-----
Axes           | 2 3 4 5 6 7 8 10 11 12 13 15 16 | 16.0
Fighting       | 4 5 6 7 8 9 10 11 12 | 12.0
Shields        | 5 6 8 9 10 11 12 | 12.5
Dodging        | 1 2 3 |  3.1
Throwing       | 1 5 |  5.0
Invocations    | 1 4 6 10 | 10.0
Armour         | 5 7 8 9 10 11 | 11.1

Action                     |  1- 3 |  4- 6 |  7- 9 | 10-12 | 13-15 || total
---------------------------+-------+-------+-------+-------+-------++-------
  Melee: War axe           |   139 |   131 |   229 |   353 |   862 ||  1714
         Morningstar       |       |       |       |       |    25 ||    25
  Throw: Boomerang         |       |       |    28 |    95 |   169 ||   292
         Javelin           |       |       |       |       |    48 ||    48
 Invoke: Heroism           |       |       |    10 |    25 |    25 ||    60
         Finesse           |       |       |       |     1 |     9 ||    10
    Use: Scroll            |     3 |     9 |    13 |     4 |     7 ||    36
         Potion            |       |     1 |     2 |     1 |     2 ||     6
   Stab: Distracted        |     1 |       |       |       |       ||     1
         Petrified         |       |       |       |       |     5 ||     5
         Petrifying        |       |       |       |       |     1 ||     1
 Armour: Scale mail        |    69 |    50 |     7 |       |       ||   126
         Chain mail        |       |       |    71 |    15 |       ||    86
         Plate armour      |       |       |       |   133 |   239 ||   372
  Dodge: Dodged            |    68 |    24 |    52 |   127 |   258 ||   529
         Repelled          |       |       |       |       |    11 ||    11
  Block: Buckler           |    25 |    30 |       |       |       ||    55
         Reflection        |       |     1 |     3 |     5 |    23 ||    32
         Kite shield       |       |    18 |   156 |   276 |   510 ||   960

Table legend:
 A = Non-vault XP
 B = Vault XP
 C = Vault XP percentage of total XP
 D = Non-vault monster count
 E = Vault monster count
 F = Vault count percentage of total count
                 A         B        C        D         E       F
            +---------+---------+-------+---------+---------+-------
      Total |   74856 |   33195 |  30.7 |     421 |     115 |  21.5
            +---------+---------+-------+---------+---------+-------
        D:1 |      37 |       0 |   0.0 |      21 |       0 |   0.0
        D:2 |      57 |       0 |   0.0 |      24 |       0 |   0.0
        D:3 |     228 |      67 |  22.7 |      27 |      14 |  34.1
        D:4 |     272 |     188 |  40.9 |      16 |       1 |   5.9
        D:5 |    1187 |      43 |   3.5 |      28 |       4 |  12.5
        D:6 |     754 |     815 |  51.9 |      19 |       3 |  13.6
        D:7 |     409 |      43 |   9.5 |      13 |       1 |   7.1
        D:8 |     756 |     739 |  49.4 |      16 |      26 |  61.9
        D:9 |    3104 |       0 |   0.0 |      41 |       0 |   0.0
       D:10 |    2590 |       0 |   0.0 |      12 |       0 |   0.0
       D:11 |    4771 |    1638 |  25.6 |      22 |       2 |   8.3
       D:12 |    7546 |       0 |   0.0 |      27 |       0 |   0.0
       D:13 |    4076 |    1562 |  27.7 |      14 |       8 |  36.4
       D:14 |    8892 |    4812 |  35.1 |      15 |       6 |  28.6
     Lair:1 |    4703 |       0 |   0.0 |      19 |       0 |   0.0
     Lair:2 |    4256 |    4075 |  48.9 |      22 |       7 |  24.1
     Lair:3 |    4582 |    5305 |  53.7 |      11 |      14 |  56.0
     Lair:4 |    6338 |       0 |   0.0 |      21 |       0 |   0.0
     Lair:5 |   14262 |   12630 |  47.0 |      42 |      27 |  39.1
    Abyss:3 |    6036 |    1278 |  17.5 |      11 |       2 |  15.4
            +---------+---------+-------+---------+---------+-------
